 Dungeon Crawl Stone Soup version 0.18-a0-1238-g8adb878 (webtiles) character file.

471 Kenran the Grappler (level 7, -3/41 HPs)
             Began as a Gargoyle Monk on Feb 5, 2016.
             Slain by an orc warrior
             ... wielding a +0 short sword
              (6 damage)
             ... on level 5 of the Dungeon.
             The game lasted 00:07:10 (3229 turns).

Kenran the Grappler (Gargoyle Monk)                 Turns: 3229, Time: 00:07:10

Health: -3/41      AC: 17    Str: 15    XL:     7   Next: 9%
Magic:  7/7        EV:  7    Int: 10    God:
Gold:   208        SH:  3    Dex: 16    Spells: 0 memorised, 6 levels left

rFire  . . .     SeeInvis .       - Unarmed
rCold  . . .     Gourm    .     k - +0 chain mail
rNeg   + . .     Faith    .     (no shield)
rPois  ∞         Spirit   .     (no helmet)
rElec  +         Dismiss  .     (no cloak)
rCorr  .         Reflect  +     n - +1 pair of gloves
SustAt .         Harm     .     (no boots)
MR     .....                    i - +3 amulet of reflection
Stlth  ..........               r - +3 ring of protection
                                m - +2 ring of dexterity

@: not resistant to hostile enchantments, extremely unstealthy
A: negative energy resistance 1, electricity resistance, unbreathing,
petrification resistance, rot immunity, AC +4
a: no special abilities


You were on level 5 of the Dungeon.
You were not hungry.

You visited 1 branch of the dungeon, and saw 6 of its levels.

You collected 208 gold pieces.

Inventory:

Armour
 k - a +0 chain mail (worn)
 n - a +1 pair of gloves (worn)
Jewellery
 i - a +3 amulet of reflection (around neck)
 m - a +2 ring of dexterity (left hand)
 r - a +3 ring of protection (right hand)
 t - an uncursed ring of see invisible
Scrolls
 f - 2 scrolls of identify
 g - 6 scrolls of remove curse
 l - a scroll of magic mapping {unknown}
 o - a scroll of fear
 s - a scroll of enchant weapon {unknown}
Potions
 a - 2 potions of brilliance {unknown}
 c - 3 potions of curing {unknown}
 d - a potion of invisibility {unknown}
 e - a potion of lignification {unknown}
 h - 3 potions of cure mutation {unknown}
 j - a potion of ambrosia {unknown}
 p - a potion of mutation {unknown}
 q - 3 potions of resistance {unknown}
 w - a potion of berserk rage {unknown}
Comestibles
 b - 2 bread rations
 u - a slice of pizza
 v - a meat ration


   Skills:
 - Level 3.2 Fighting
 - Level 2.4 Dodging
 - Level 2.1 Stealth
 + Level 8.3 Unarmed Combat


You had 6 spell levels left.
You didn't know any spells.

Dungeon Overview and Level Annotations

Branches:
Dungeon (6/15)             Temple (0/1) D:4

Altars:

Annotations:
D:3 Grinder


Innate Abilities, Weirdness & Mutations

You are resistant to torment.
Your stone body is resilient (AC +4).
You are immune to poison.
You resist negative energy.
You are resistant to electric shocks.
You can survive without breathing.
You are immune to petrification.
You are immune to rotting.


Message History

The orc warrior hits you with a short sword.
You hit the orc warrior but do no damage.
You punch the orc warrior.
The orc warrior is moderately wounded.
The orc warrior hits you but does no damage.
You hit the orc warrior but do no damage.
The orc warrior is lightly wounded.
The orc warrior hits you with a short sword!
* * * LOW HITPOINT WARNING * * *
You barely miss the orc warrior.
The orc warrior is lightly wounded.
You hit the orc warrior but do no damage.
You punch the orc warrior!
The orc warrior is heavily wounded.
The orc warrior barely misses you.
You closely miss the orc warrior.
You punch the orc warrior, but do no damage.
The orc warrior is heavily wounded.
The orc warrior hits you with a short sword.
You die...

##### ########## ##...##
##...#..#.### ......#
#.......'...# .)..>.#
#.......#...#
##.############..###..##
##.####.<#..########..###
.............#..@.#.....#
.............'..o)'.....#
.([##..####..##..####..##
#..##..####..##..#######
##+##........#......#
.............#......#
.............##....##
..............######
#.###.###.....#


You could see an orc warrior.

Vanquished Creatures
  Eustachio (D:4)
  A scorpion (D:4)
  A crimson imp (D:5)
  2 hounds (D:5)
  A giant frog skeleton (D:4)
  Terence (D:2)
  A worker ant (D:4)
  5 adders
  An adder skeleton (D:4)
  3 worms (D:2)
  2 orcs
  A ball python (D:2)
  7 bats
  2 giant cockroaches
  2 goblins (D:1)
  5 hobgoblins
  4 jackals
  2 quokkas
  2 giant newts
  2 jackal skeletons
  4 kobolds
  8 rats
58 creatures vanquished.

Notes
Turn   | Place    | Note
--------------------------------------------------------------
     0 | D:1      | Kenran the Gargoyle Monk began the quest for the Orb.
     0 | D:1      | Reached XP level 1. HP: 14/14 MP: 1/1
   361 | D:1      | Reached XP level 2. HP: 14/19 MP: 2/2
  1098 | D:2      | Reached skill level 5 in Unarmed Combat
  1098 | D:2      | Reached XP level 3. HP: 23/23 MP: 3/3
  1320 | D:2      | Reached XP level 4. HP: 28/28 MP: 4/4
  1508 | D:2      | Noticed Terence
  1523 | D:2      | Killed Terence
  1588 | D:3      | Reached skill level 6 in Unarmed Combat
  1615 | D:3      | Noticed a necrophage
  1882 | D:3      | Reached XP level 5. HP: 29/32 MP: 5/5
  1904 | D:3      | Noticed Grinder
  1907 | D:3      | Paralysed by Grinder for 6 turns
  1924 | D:3      | Paralysed by Grinder for 2 turns
  2122 | D:4      | Found a staircase to the Ecumenical Temple.
  2204 | D:4      | Noticed Eustachio
  2251 | D:4      | Killed Eustachio
  2251 | D:4      | Reached skill level 7 in Unarmed Combat
  2251 | D:4      | Reached XP level 6. HP: 12/37 MP: 6/6
  2682 | D:5      | Entered Level 5 of the Dungeon
  2702 | D:5      | Reached skill level 8 in Unarmed Combat
  2753 | D:5      | Reached XP level 7. HP: 39/41 MP: 7/7
  3229 | D:5      | Slain by an orc warrior

Vault maps used:
D:1:      dpeg_arrival_chambers_temple_mockup
D:2:      first_bread, uniq_terence
D:3:      bh_walls_and_bars, uniq_grinder, uniq_crazy_yiuf_cottage
D:4:      minmay_temple_entry_water_ring, gup_sewer_entry_bowl,
          serial_park_tiny_pond, uniq_eustachio
D:5:      corexii_item_surrounded_by_moat
D:6:      fedhas_altar_2, kb_rosetta

Action                   |  1- 3 |  4- 6 |  7- 9 || total
-------------------------+-------+-------+-------++-------
Melee: Unarmed           |   104 |   176 |    20 ||   300
  Use: Scroll            |     2 |       |       ||     2
 Stab: Sleeping          |     2 |       |       ||     2
  Eat: Chunk             |     1 |     3 |       ||     4
       Bread ration      |       |     1 |       ||     1
